 Dungeon Crawl Stone Soup version 0.28.0-43-g3370ac3207 (webtiles) character file.

Game seed: 7939250473231880804

4744 fknight the Basher (level 10, -1/64 HPs)
             Began as a Gargoyle Berserker on Mar 17, 2022.
             Was a Priest of Trog.
             Hit by a large rock thrown by a cyclops (33 damage)
             ... on level 8 of the Dungeon.
             The game lasted 00:31:01 (8754 turns).

fknight the Basher (Gargoyle Berserker)             Turns: 8754, Time: 00:31:02

Health: -1/64      AC: 25    Str: 24    XL:     10   Next: 46%
Magic:  10/10      EV: 12    Int:  7    God:    Trog [***...]
Gold:   301        SH:  0    Dex: 11    Spells: 9/9 levels left

rFire   + . .      SeeInvis .   k - +5 mace (vorpal)
rCold   + . .      Faith    .   (no shield)
rNeg    + . .      Spirit   .   B - +0 plate armour
rPois   ∞          Reflect  .   (no helmet)
rElec   +          Harm     .   z - +0 cloak
rCorr   .          Rampage  .   (no gloves)
Will    .....                   K - +1 pair of boots {Stlth+}
Stlth   ..........              (no amulet)
HPRegen 0.20/turn               l - ring of protection from fire
MPRegen 0.12/turn               H - +4 ring of evasion

@: no status effects
A: sickness immunity, AC +7, negative energy resistance 1, electricity
resistance, torment resistance 1, petrification resistance, cold resistance 1,
MP-powered wands
a: Renounce Religion, Berserk, Trog's Hand


You were on level 8 of the Dungeon.
You worshipped Trog.
Trog was most pleased with you.
You visited 1 branch of the dungeon, and saw 8 of its levels.
You also visited: Sewer.

You collected 301 gold pieces.

Inventory:

Hand Weapons
 a - a +0 falchion
 d - a +1 hand axe of electrocution
 h - a +1 dagger of holy wrath
 j - a +1 dagger of draining
 k - a +5 vorpal mace (weapon)
 n - a +0 hand axe of flaming
 A - a +2 quarterstaff of chaos
 D - a +0 hunting sling
 O - a +3 halberd
Missiles
 c - 60 arrows
 g - 6 curare-tipped darts
 i - 180 stones
 x - 14 poisoned darts (quivered)
 y - 12 sling bullets
 I - 2 boomerangs
Armour
 r - +0 steam dragon scales
 s - a scarf of invisibility
 z - a +0 cloak (worn)
 B - a +0 plate armour (worn)
 C - the +1 chain mail of the Moon {-Cast rC+ Will+}
   (You found it on level 4 of the Dungeon)

   rC:        It protects you from cold.
   -Cast:     It prevents spellcasting.
   Will:      It increases your willpower.
 K - a +1 pair of boots of stealth (worn)
 L - a scarf of resistance
 M - a scarf of invisibility
Jewellery
 l - a ring of protection from fire (left hand)
 H - a +4 ring of evasion (right hand)
 N - a ring of protection from fire
 P - a ring of resist corrosion
Wands
 o - a wand of polymorph (6)
 q - a wand of charming (13)
 v - a wand of flame (8)
 E - a wand of mindburst (12)
Scrolls
 G - 2 scrolls of amnesia
Potions
 f - a potion of haste {unknown}
 m - a potion of lignification
 p - a potion of ambrosia
 t - 2 potions of magic
 u - a potion of attraction
 w - a potion of mutation
 F - 3 potions of flight {unknown}
 J - a potion of berserk rage


   Skills:
 + Level 7.6 Fighting
 + Level 3.2 Long Blades
 + Level 1.6(5.8) Axes
 + Level 9.7(9.8) Maces & Flails
 + Level 0.5 Throwing
 + Level 8.9 Armour
 + Level 3.0 Dodging
 + Level 3.6 Stealth


You had 9 spell levels left.
You didn't know any spells.
Your spell library was empty.

Dungeon Overview and Level Annotations

Branches:
Dungeon (8/15)             Temple (0/1) D:5           Sewer (visited)
   Lair: D:8-11

Altars:
Cheibriados
Kikubaaqudgha
Makhleb
Nemelex Xobeh
Qazlal
Xom
The Shining One

Shops:
D:1 ?[[[   D:4 [


Innate Abilities, Weirdness & Mutations

You are immune to sickness and miasma.
Your stone body is resilient. (AC +7)
You are immune to poison.
You resist negative energy. (rN+)
You are resistant to electric shocks. (rElec)
You are resistant to unholy torment.
You are immune to petrification.
Your flesh is cold resistant. (rC+)
You expend magic power (3 MP) to strengthen your wands.


Message History

You feel your anger nearly subside.
You are no longer berserk.
You are exhausted.
You feel yourself slow down.
Items here: )) [[.
You feel the effects of Trog's Hand fading.
There is a stone staircase leading up here.
You start waiting.
Your skin stops crawling.
You feel less strong-willed.
You start waiting.
You feel yourself speed up.
You start waiting.
You recover from your berserk rage.
Items here: )) [[.
x - 20 poisoned darts (gained 2)
A cyclops comes into view.
You throw a poisoned dart. The poisoned dart hits the cyclops.
The cyclops is poisoned.
The cyclops shouts!
You throw a poisoned dart. The poisoned dart hits the cyclops.
The cyclops is lightly wounded.
You throw a poisoned dart. The poisoned dart hits the cyclops.
The cyclops looks even sicker.
The cyclops is lightly wounded.
You throw a poisoned dart. The poisoned dart hits the cyclops.
The cyclops looks even sicker.
The cyclops is lightly wounded.
You throw a poisoned dart. The poisoned dart hits the cyclops.
The cyclops looks as sick as possible!
The cyclops is lightly wounded.
You throw a poisoned dart. The poisoned dart hits the cyclops.
The cyclops looks as sick as possible!
The cyclops is lightly wounded.
The cyclops throws a large rock.
The large rock hits you!!
A gnoll comes into view. It is wielding a +0 whip.
The gnoll shouts!
A gnoll comes into view. It is wielding a +0 club.
The cyclops throws a large rock.
The large rock hits you!
The cyclops throws a large rock.
The large rock hits you!!
Ouch! That really hurt!
You die...

##.....###(###..... ##
#..................
##.###.......[...[).....
#...###.[.....#..)......
#....###....#.##.)##....
##....#....(.####.## ....
#.....#.......##..####..#
<..##....[...C....#...g.g...
#......<.[.@....g.g.#.......
#...................#.#...#.
##...#...#..#.......###...#
### #####..#####..## ##..##
#.....###.####....#
#....>..........†..
#...#......#.#......
##.#......##.#.#...#
####....#######...#


You could see a cyclops (very poisoned) and 2 gnolls.

Vanquished Creatures
  A centaur warrior (D:8)
  A cyclops (D:8)
  A troll (D:8)
  A vampire (D:8)
  3 yaks (D:8)
  A wyvern (D:8)
  A basilisk (D:8)
  A steam dragon (D:7)
  A vampire mosquito (D:8)
  An ice beast (D:6)
  2 sky beasts
  Pargi (Sewer)
  An orc warrior (D:6)
  A necrophage (D:5)
  2 centaurs (D:8)
  3 ogres
  A phantom (D:7)
  A kobold brigand (D:4)
  A bullfrog (D:8)
  A wyvern zombie (D:6)
  8 wights (D:8)
  2 bullfrog zombies (D:6)
  A centaur zombie (D:8)
  4 hounds
  A jelly (D:5)
  Crazy Yiuf (D:3)
  2 orc priests
  A bullfrog skeleton (D:6)
  Jessica (D:3)
  A centaur skeleton (D:7)
  Ijyb (D:3)
  2 orc wizards (D:6)
  6 iguanas
  A scorpion zombie (D:5)
  2 killer bee zombies (D:8)
  A hound skeleton (D:4)
  A gnoll (D:3)
  A howler monkey skeleton (D:7)
  A river rat (D:3)
  7 adders
  3 shadow imps
  2 white imps
  An ufetubus (D:6)
  3 worms (D:3)
  3 dart slugs (D:1)
  20 orcs
  7 ball pythons
  7 endoplasms
  5 giant cockroaches
  9 goblins
  7 hobgoblins
  8 jackals
  13 kobolds
  4 quokkas
  3 bats
  A frilled lizard (D:3)
  7 rats
174 creatures vanquished.

Vanquished Creatures (collateral kills)
  A kobold brigand (D:7)
  4 kobolds (D:7)
5 creatures vanquished.

Vanquished Creatures (others)
  A yak (D:8)
1 creature vanquished.

Grand Total: 180 creatures vanquished

Notes
Turn   | Place    | Note
-------+----------+-------------------------------------------
     0 | D:1      | fknight the Gargoyle Berserker began the quest for the Orb.
     0 | D:1      | Reached XP level 1. HP: 14/14 MP: 1/1
    44 | D:1      | Found Tunusmi's Magic Scroll Emporium.
    74 | D:1      | Found Ufud's Antique Armour Shoppe.
   113 | D:1      | Found Qiynio Ovve's Armour Shoppe.
   130 | D:1      | Reached XP level 2. HP: 12/19 MP: 2/2
   258 | D:1      | Found Onatuesh's Antique Armour Shop.
   668 | D:1      | Reached skill level 1 in Stealth
   673 | D:1      | Reached ** piety under Trog
   674 | D:1      | Reached XP level 3. HP: 23/23 MP: 3/3
  1318 | D:2      | Reached skill level 1 in Axes
  1594 | D:2      | Reached XP level 4. HP: 12/29 MP: 4/4
  1795 | D:2      | Found a faded altar of an unknown god.
  2110 | D:3      | Noticed Ijyb
  2126 | D:3      | Killed Ijyb
  2282 | D:3      | Reached skill level 1 in Maces & Flails
  2282 | D:3      | Reached XP level 5. HP: 24/33 MP: 5/5
  2394 | D:3      | Found a glowing drain.
  2405 | Sewer    | Entered a sewer
  2723 | Sewer    | Noticed Pargi
  2734 | Sewer    | Killed Pargi
  2735 | Sewer    | Reached skill level 2 in Maces & Flails
  2735 | Sewer    | Reached XP level 6. HP: 36/39 MP: 6/6
  2953 | D:3      | Noticed Jessica
  2973 | D:3      | Killed Jessica
  3116 | D:3      | Found a runed translucent door.
  3117 | D:3      | Noticed Crazy Yiuf
  3125 | D:3      | Killed Crazy Yiuf
  3243 | D:3      | Found a glowing golden altar of the Shining One.
  3533 | D:4      | Reached skill level 3 in Maces & Flails
  3678 | D:4      | Reached XP level 7. HP: 32/44 MP: 7/7
  3765 | D:4      | Found Anguh's Armour Shoppe.
  3827 | D:4      | Found a stormy altar of Qazlal.
  4042 | D:4      | Reached skill level 4 in Maces & Flails
  4166 | D:4      | Reached *** piety under Trog
  4496 | D:4      | Identified the +1 chain mail of the Moon {-Cast rC+ Will+}
  4752 | D:5      | Entered Level 5 of the Dungeon
  4774 | D:5      | Reached skill level 5 in Fighting
  4807 | D:5      | Reached skill level 5 in Maces & Flails
  4807 | D:5      | Reached XP level 8. HP: 32/49 MP: 8/8
  5098 | D:5      | Found a staircase to the Ecumenical Temple.
  5200 | D:5      | Reached skill level 5 in Armour
  5726 | D:5      | Found a snail-covered altar of Cheibriados.
  6411 | D:6      | Reached skill level 6 in Maces & Flails
  6544 | D:6      | Found an ancient bone altar of Kikubaaqudgha.
  6658 | D:6      | Found a sparkling altar of Nemelex Xobeh.
  7121 | D:7      | Gained mutation: Your flesh is cold resistant. (rC+)
                  | [potion of mutation]
  7121 | D:7      | Gained mutation: You expend magic power (3 MP) to
                  | strengthen your wands. [potion of mutation]
  7259 | D:7      | Reached XP level 9. HP: 52/55 MP: 9/9
  7362 | D:7      | Reached skill level 7 in Maces & Flails
  8260 | D:8      | Reached skill level 8 in Maces & Flails
  8337 | D:8      | Found a burning altar of Makhleb.
  8338 | D:8      | Found a shimmering altar of Xom.
  8355 | D:8      | Noticed a centaur warrior
  8361 | D:8      | Killed a centaur warrior
  8368 | D:8      | Reached XP level 10. HP: 51/63 MP: 10/10
  8404 | D:8      | Reached skill level 9 in Maces & Flails
  8446 | D:8      | Noticed a cyclops
  8683 | D:8      | Killed a cyclops
  8734 | D:8      | Noticed a cyclops
  8754 | D:8      | Hit by a large rock thrown by a cyclops

Illustrated notes

Levels and vault maps discovered:
D:1:      wheals_arrival_linesprint, layout_basic, serial_shops, shop,
          nicolae_shop_waterfront, nicolae_shop_advertising_works
          [nicolae_subvault_shop_adworks], shop
D:2:      layout_rooms, shapermc_ecumenical_altar_petra, kennysheep_cross_room
D:3:      layout_basic, nicolae_tso_swordbearing_angel,
          cheibrodos_sewer_entry_sluice, st_stairs_1, uniq_ijyb, uniq_jessica,
          uniq_crazy_yiuf_cottage
D:4:      minmay_octagon_keep, layout_basic, lemuel_coloured_pillars_altar,
          serial_shops, shop_fountains
D:5:      layout_rooms, cheibriados_altar_1, temple_fountains,
          minmay_misc_feat_four_crosses, minmay_misc_feat_rugged
D:6:      layout_rooms, mainiacjoe_overflow_brackets,
          nemelex_spade_bored_becter, serial_corexii_hall,
          corexii_hall_statues_u, corexii_hall_statues_deadend,
          corexii_hall_statues_i, chequers_hall_statues_wall_a,
          minmay_misc_feat_room
D:7:      layout_basic
D:8:      minmay_the_grid_octo_2x2 [minmay_the_grid_octo_vomiting_pacman,
          minmay_the_grid_octo_shrine, minmay_the_grid_octo_pinwheel,
          minmay_the_grid_octo_prize_star], layout_cave_pools,
          mainiacjoe_overflow_paths, uniq_grum

Skill      XL: |  1  2  3  4  5  6  7  8  9 10 |
---------------+-------------------------------+-----
Long Blades    | 3 |  3.2
Stealth        | 1 2 3 |  3.6
Axes           | 1 |  1.6
Dodging        | 2 3 |  3.0
Fighting       | 4 5 7 |  7.6
Maces & Flails | 1 2 3 5 6 8 9 |  9.7
Armour         | 3 4 6 8 |  8.9
Throwing       | |  0.5

Action                   |  1- 3 |  4- 6 |  7- 9 | 10-12 || total
-------------------------+-------+-------+-------+-------++-------
Melee: Hand axe          |    55 |       |       |       ||    55
       Punch             |     1 |     1 |     7 |     2 ||    11
       Falchion          |     1 |       |       |       ||     1
       Mace              |    25 |   180 |   362 |    47 ||   614
Throw: Stone             |       |       |     2 |       ||     2
       Dart              |       |       |     3 |     9 ||    12
Invok: Berserk           |     1 |     4 |    11 |     2 ||    18
       Trog's Hand       |       |     3 |     7 |     1 ||    11
  Use: Scroll            |       |       |    18 |     1 ||    19
       Potion            |       |       |     1 |     2 ||     3
 Stab: Sleeping          |     1 |       |       |       ||     1
Armor: Animal skin       |    11 |       |       |       ||    11
       Leather armour    |    15 |     4 |       |       ||    19
       Ring mail         |       |    97 |       |       ||    97
       Chain mail        |       |    12 |   114 |       ||   126
       Plate armour      |       |       |   127 |    47 ||   174
Dodge: Dodged            |    50 |   120 |   179 |    45 ||   394
